 Dungeon Crawl Stone Soup version 0.22.1-2-g9c5b331383 (webtiles) character file.

3019 McIrco the Blocker (level 9, -2/70 HPs)
             Began as a Minotaur Fighter on Jan 5, 2019.
             Was a Believer of Nemelex Xobeh.
             Slain by a troll (4 damage)
             ... on level 9 of the Dungeon.
             The game lasted 00:15:18 (7410 turns).

McIrco the Blocker (Minotaur Fighter)               Turns: 7410, Time: 00:15:20

Health: -2/70      AC: 13    Str: 25    XL:     9   Next: 55%
Magic:  8/8        EV: 12    Int:  5    God:    Nemelex Xobeh [**....]
Gold:   53         SH: 14    Dex:  9    Spells: 8/8 levels left

rFire    . . .     SeeInvis .   a - +0 long sword
rCold    + . .     Gourm    .   c - +1 shield
rNeg     . . .     Faith    .   b - +0 scale mail
rPois    .         Spirit   .   (helmet restricted)
rElec    .         Reflect  .   h - +0 cloak
rCorr    .         Harm     .   (no gloves)
MR       .....                  (no boots)
Stlth    ..........             p - amulet of rage
HPRegen  0.21/turn              y - ring of protection from cold
MPRegen  0.11/turn              A - +3 ring of protection

@: no status effects
A: retaliatory headbutt, horns 2
a: Renounce Religion, Evoke Berserk Rage


You were on level 9 of the Dungeon.
You worshipped Nemelex Xobeh.
Nemelex Xobeh was pleased with you.
You were hungry.

You visited 1 branch of the dungeon, and saw 9 of its levels.

You collected 202 gold pieces.
You spent 149 gold pieces at shops.

Inventory:

Hand Weapons
 a - a +0 long sword (weapon)
Armour
 b - a +0 scale mail (worn)
 c - a +1 shield (worn)
 h - a +0 cloak (worn)
Jewellery
 p - an amulet of rage (around neck)
 w - an uncursed amulet of guardian spirit
 y - a ring of protection from cold (left hand)
 A - a +3 ring of protection (right hand)
Wands
 D - a wand of polymorph (15)
Scrolls
 g - 2 scrolls of enchant armour
 j - 3 scrolls of identify
 k - a scroll of remove curse
 l - 2 scrolls of amnesia
 n - a scroll of teleportation
 s - 2 scrolls of fear
 t - a scroll of fog
 B - a scroll of noise {unknown}
Potions
 d - 2 potions of might
 e - 8 potions of curing
 m - 3 potions of heal wounds
 o - 4 potions of flight
 q - a potion of resistance {unknown}
 r - 2 potions of magic
 u - 2 potions of agility {unknown}
 v - a potion of ambrosia {unknown}
 z - a potion of cancellation {unknown}
 C - a potion of lignification {unknown}
Miscellaneous
 i - a plain deck of destruction
 x - a plain deck of destruction {drawn: 3}
Comestibles
 f - 11 rations


   Skills:
 - Level 3.6 Fighting
 - Level 2.4 Long Blades
 + Level 9.8 Armour
 * Level 5.1 Dodging
 + Level 12.0 Shields


You had 8 spell levels left.
You didn't know any spells.
Your spell library contained the following spells:

 Spells                   Type           Power        Failure   Level  Hunger
 Beastly Appendage        Tmut           #.....       85%         1    ##.....
 Confusing Touch          Hex            #.....       85%         1    ##.....
 Sticks to Snakes         Tmut           #.......     94%         2    ###....
 Confuse                  Hex            #.......     99%         3    ####...
 Gell's Gravitas          Tloc           #.........   99%         3    ####...
 Spider Form              Tmut/Pois      #.........   99%         3    ####...
 Ice Form                 Ice/Tmut       #.......     100%        4    #####..
 Petrify                  Tmut/Erth      #.......     100%        4    #####..
 Blade Hands              Tmut           #.........   100%        5    ######.
 Metabolic Englaciation   Hex/Ice        #.........   100%        5    ######.
 Yara's Violent Unravell  Hex/Tmut       #.........   100%        5    ######.


Dungeon Overview and Level Annotations

Branches:
Dungeon (9/15)             Temple (0/1) D:5            Lair (0/6) D:8
    Orc: D:9-12

Altars:
Elyvilon
Nemelex Xobeh
Trog

Shops:
D:4 ?

Annotations:
D:8 Maurice


Innate Abilities, Weirdness & Mutations

You reflexively headbutt those who attack you in melee.
You have a pair of horns on your head.


Message History

* * * LOW HITPOINT WARNING * * *
Evoke which item? (* to show all) (? for menu, Esc to quit)
You draw a card...
It is Wild Magic.
A ball of electricity appears!
You feel a surge of magic. You block the troll's attack. x2
The troll claws you.
* * * LOW HITPOINT WARNING * * *
You hit the troll but do no damage.
The troll is heavily wounded.
Your ball lightning explodes!
The blast of lightning engulfs the yak.
The yak is heavily wounded.
The blast of lightning engulfs the yak.
The yak is lightly wounded.
The blast of lightning engulfs the troll.
The troll is almost dead.
The troll bites you!
* * * LOW HITPOINT WARNING * * *
You block the troll's attack. x2; The troll bites you.
You die...
Your body glows slightly and disappears.

#..# #.........
#..# #.#.....#
#..# #.#.....#
#..###.#..<..#.#.
#................#
#.#...............
#.#.####.......#..
#.#.####.#........
#@#.#..)....#.....
#T#...............
#Y#..............#
#Y..........###..
###.#.##.. ..#.#
Y# T. ..


You could see 2 yaks and a troll.

Vanquished Creatures
  A hippogriff (D:7)
  A yak (D:9)
  Menkaure (D:7)
  2 wargs (D:8)
  A black bear (D:7)
  An orc warrior (D:8)
  A sky beast (D:5)
  2 ogres
  A big kobold (D:5)
  Blork the orc (D:5)
  4 bullfrogs
  A wyvern skeleton (D:7)
  7 wights
  2 crimson imps
  A bullfrog zombie (D:7)
  A gnoll shaman (D:7)
  5 orc priests
  2 bullfrog skeletons
  A centaur skeleton (D:6)
  Jessica (D:2)
  4 orc wizards
  5 worker ants
  A hound skeleton (D:7)
  Robin (D:2)
  5 gnolls
  10 adders
  A howler monkey skeleton (D:7)
  A shadow imp (D:5)
  An ooze (D:2)
  2 adder skeletons
  2 worms (D:2)
  3 dart slugs
  3 leopard geckos
  27 orcs
  A ball python (D:2)
  7 bats
  8 giant cockroaches
  13 goblins
  15 hobgoblins
  11 jackals
  2 quokkas
  4 frilled lizards
  16 kobolds
  A leopard gecko skeleton (D:7)
  13 rats
194 creatures vanquished.

Vanquished Creatures (collateral kills)
  Prince Ribbit (D:7)
  A wight (D:7)
  2 gnolls (D:7)
4 creatures vanquished.

Vanquished Creatures (others)
  A ball lightning (D:9)
1 creature vanquished.

Grand Total: 199 creatures vanquished

Notes
Turn   | Place    | Note
-------+----------+-------------------------------------------
     0 | D:1      | McIrco the Minotaur Fighter began the quest for the Orb.
     0 | D:1      | Reached XP level 1. HP: 19/19 MP: 0/0
    33 | D:1      | Reached skill level 4 in Shields
    47 | D:1      | Reached XP level 2. HP: 19/26 MP: 1/1
   507 | D:1      | Reached XP level 3. HP: 29/31 MP: 2/2
   848 | D:2      | Noticed Jessica
   859 | D:2      | Killed Jessica
   859 | D:2      | Reached skill level 5 in Shields
   879 | D:2      | Reached XP level 4. HP: 39/39 MP: 3/3
  1130 | D:2      | Reached skill level 6 in Shields
  1130 | D:2      | Reached XP level 5. HP: 38/45 MP: 4/4
  1205 | D:2      | Noticed Robin
  1208 | D:2      | Reached skill level 5 in Armour
  1219 | D:2      | Killed Robin
  1498 | D:2      | Found a sparkling altar of Nemelex Xobeh.
  1569 | D:2      | Became a worshipper of Nemelex Xobeh the Trickster
  1700 | D:3      | Received a gift from Nemelex Xobeh
  1705 | D:3      | Reached skill level 7 in Shields
  1711 | D:3      | Reached XP level 6. HP: 37/51 MP: 5/5
  1837 | D:3      | Found a white marble altar of Elyvilon.
  2543 | D:4      | Reached skill level 8 in Shields
  2807 | D:4      | Reached * piety under Nemelex Xobeh
  3217 | D:4      | Reached XP level 7. HP: 57/57 MP: 6/6
  3285 | D:4      | Found Wuoxzidgh's Magic Scroll Boutique.
  3293 | D:4      | Bought a scroll of identify for 26 gold pieces
  3293 | D:4      | Bought a scroll of fear for 45 gold pieces
  3293 | D:4      | Bought a scroll of identify for 26 gold pieces
  3293 | D:4      | Bought a scroll of fog for 26 gold pieces
  3293 | D:4      | Bought a scroll of identify for 26 gold pieces
  3307 | D:5      | Entered Level 5 of the Dungeon
  3309 | D:5      | Noticed Blork the orc
  3319 | D:5      | Killed Blork the orc
  3407 | D:5      | Found a staircase to the Ecumenical Temple.
  3589 | D:5      | Found a bloodstained altar of Trog.
  3835 | D:5      | Reached skill level 9 in Shields
  4591 | D:6      | Reached ** piety under Nemelex Xobeh
  4592 | D:6      | Received a gift from Nemelex Xobeh
  4810 | D:6      | Reached skill level 10 in Shields
  4810 | D:6      | Reached XP level 8. HP: 61/64 MP: 7/7
  5152 | D:7      | Noticed Menkaure
  5168 | D:7      | Killed Menkaure
  5168 | D:7      | Reached skill level 1 in Dodging
  5421 | D:7      | Noticed Prince Ribbit
  5507 | D:7      | Killed Prince Ribbit
  5507 | D:7      | Reached skill level 11 in Shields
  5788 | D:7      | Noticed a hippogriff
  5799 | D:7      | Killed a hippogriff
  5799 | D:7      | Reached XP level 9. HP: 32/70 MP: 8/8
  6500 | D:8      | Noticed Maurice
  6578 | D:8      | Found a staircase to the Lair.
  6923 | D:8      | Received a gift from Nemelex Xobeh
  7386 | D:9      | Noticed a troll
  7401 | D:9      | Reached skill level 5 in Dodging
  7401 | D:9      | Reached skill level 12 in Shields
  7410 | D:9      | HP: 2/70 [troll (7)]
  7410 | D:9      | Slain by a troll

Skill      XL: |  1  2  3  4  5  6  7  8  9 |
---------------+----------------------------+-----
Shields        | 4 5 6 7 8 10 11 12 | 12.0
Armour         | 4 5 6 7 8 9 |  9.8
Dodging        | 3 5 |  5.1
Fighting       | |  3.6
Long Blades    | |  2.4

Action                   |  1- 3 |  4- 6 |  7- 9 || total
-------------------------+-------+-------+-------++-------
Melee: Long sword        |    78 |   251 |   287 ||   616
       Headbutt          |    11 |    45 |    65 ||   121
 Abil: Evoke Berserk Rag |       |       |     1 ||     1
Evoke: Deck              |       |       |     4 ||     4
  Use: Scroll            |       |     4 |     8 ||    12
       Potion            |       |       |     1 ||     1
  Eat: Chunk             |       |     8 |    11 ||    19
       Ration            |       |       |     1 ||     1
Armor: Scale mail        |    31 |   111 |   103 ||   245
Dodge: Dodged            |    28 |    66 |   111 ||   205
Block: Shield            |    46 |   182 |   205 ||   433
       Rpst.: Long sword |     6 |    14 |    27 ||    47
